 Dungeon Crawl Stone Soup version 0.31-a0-496-g6f97920a28 (webtiles) character file.

Game seed: 10265887830247048474

87 experimilk the Ruffian (level 4, -6/41 HPs)
             Began as a Troll Gladiator on Aug 8, 2023.
             Killed from afar by an orc wizard (10 damage)
             ... with a magic dart
             ... on level 3 of the Dungeon.
             The game lasted 00:02:36 (2021 turns).

experimilk the Ruffian (Troll Gladiator)            Turns: 2021, Time: 00:02:36

Health: -6/41      AC:  4    Str: 24    XL:     4   Next: 28%
Magic:  3/3        EV: 10    Int:  4    God:
Gold:   122        SH:  0    Dex: 11    Spells: 3/3 levels left

rFire   . .          .
                       - Unarmed
rCold   . . .        (no shield)
rNeg    . . .        a - +0 robe
rPois   .            b - +0 hat
rElec   .            (no cloak)
rCorr   .            (gloves unavailable)
SInv    .            (boots unavailable)
Will    .....        (no amulet)
Stlth   +            (no ring)
HPRegen 1.06/turn    (no ring)
MPRegen 0.08/turn

%: no passive effects
@: lethally poisoned (-6 -> -8)
A: large, unfitting armour, claws 3, regeneration 1, shaggy fur 1, tough skin 1
a: no special abilities


You were on level 3 of the Dungeon.
You visited 1 branch of the dungeon, and saw 3 of its levels.

You collected 122 gold pieces.

Inventory:

Missiles
 c - 3 throwing nets
 d - a large rock (quivered)
 k - 9 poisoned darts
Armour
 a - a +0 robe (worn)
 b - a +0 hat (worn)
Scrolls
 e - a scroll of silence {unknown}
 f - a scroll of fog {unknown}
 j - a scroll of teleportation {unknown}
 l - a scroll of poison {unknown}
 m - 2 scrolls of identify {unknown}
 n - a scroll of vulnerability {unknown}
 q - a scroll of revelation {unknown}
 r - 2 scrolls of noise {unknown}
 t - a scroll of blinking {unknown}
Potions
 h - a potion of curing {unknown}
 i - a potion of ambrosia {unknown}
 o - a potion of berserk rage {unknown}
 p - a potion of invisibility {unknown}
 s - a potion of attraction {unknown}


   Skills:
 - Level 1.5 Fighting
 - Level 1.7 Throwing
 - Level 2.4 Dodging
 * Level 5.1 Unarmed Combat


You had 3 spell levels left.
You didn't know any spells.
Your spell library contained the following spells:

 Spells                   Type           Power      Damage    Failure   Level
 Hailstorm                Conj/Ice       0%         3d3       86%         3
 Ozocubu's Armour         Ice            0%         N/A       86%         3
 Portal Projectile        Hex/Tloc       0%         N/A       86%         3
 Tukima's Dance           Hex            0%         N/A       86%         3
 Iskenderun's Mystic Bla  Conj/Tloc      0%         2d3       99%         4
 Summon Ice Beast         Ice/Summ       0%         N/A       99%         4
 Simulacrum               Ice/Necr       0%         N/A       100%        6
 Ozocubu's Refrigeration  Ice            0%         4d7       100%        7


Dungeon Overview and Level Annotations

Branches:
Dungeon (3/15)

Altars:

Shops:
D:1 [[[(


Innate Abilities, Weirdness & Mutations

You are too large for most types of armour.
You have claws for hands.
Your natural rate of healing is unusually fast.
You are covered in fur. (AC +1)
You have tough skin. (AC +1)


Message History

The magic dart hits you. The orc barely misses you.
You claw the orc!
You kill the orc!
You feel sick. Something hits you.
You are more poisoned.
You scratch the orc but do no damage.
You feel very sick. Something hits you but does no damage.
You are more poisoned.
The orc closely misses you.
You completely miss something.
You feel very sick. Something hits you but does no damage.
The orc hits you with a +0 club.
You feel very sick. The orc hits you with a +0 club.
* * * LOW HITPOINT WARNING * * *
It was a potion of heal wounds.
You feel much better.
You feel less confused.
You feel very sick. Something hits you. The orc barely misses you.
Unknown command.
You barely miss the orc.
You feel sick. Something hits you.
You are more poisoned.
The orc hits you with a +0 club.
You barely miss the orc.
You feel very sick. Something hits you.
You are more poisoned.
The orc hits you with a +0 club.
You feel very sick. Something hits you.
* * * LOW HITPOINT WARNING * * *
x2 You feel very sick.
The orc attacks as you move away! The orc hits you but does no damage.
* * * LOW HITPOINT WARNING * * *
You feel very sick.
You feel sick.
A magic dart appears from out of thin air!
The magic dart hits you!
You die...

#.## ##....# #.# ##.##
##.##.## #.# ##.###.###.#
#.# ##.#.## #.# #.##
####.## #.# #.#. #..<.#
#.# #.#. #.#### #.# #)#.
#.# #.# #.#. #@# #.#. #.#
#.#. #####{########.#
#...
.###....o.........######.
......$......#####.......
.......).........>.####..
........)###.####### ##.
.........# #.# #.
....##.### #.###########.


You could see an orc.

Vanquished Creatures
  An orc priest (D:3)
  5 dart slugs
  An orc (D:3)
  2 bats
  5 endoplasms
  2 giant cockroaches (D:1)
  6 goblins
  4 hobgoblins
  A quokka (D:1)
  3 ball pythons
  5 frilled lizards
  7 kobolds
  6 rats
48 creatures vanquished.

Notes
Turn   | Place    | Note
-------+----------+-------------------------------------------
     0 | D:1      | experimilk the Troll Gladiator began the quest for the Orb.
     0 | D:1      | Reached XP level 1. HP: 19/19 MP: 0/0
   267 | D:1      | Reached XP level 2. HP: 27/27 MP: 1/1
   301 | D:1      | Found Umnexeda's Armour Boutique.
   407 | D:1      | Reached skill level 4 in Unarmed Combat
   462 | D:1      | Found Xout's Armour Shoppe.
   571 | D:1      | Found Pamiqeid's Weapon Boutique.
   591 | D:1      | Reached XP level 3. HP: 32/33 MP: 2/2
   734 | D:1      | Found Amuxtaku's Armour Boutique.
  1906 | D:3      | Found a faded altar of an unknown god.
  2006 | D:3      | Reached skill level 5 in Unarmed Combat
  2006 | D:3      | Reached XP level 4. HP: 37/41 MP: 3/3
  2021 | D:3      | Killed from afar by an orc wizard

Illustrated notes

Levels and vault maps discovered:
D:1:      ebering_hopf_link, layout_loops_ring, serial_shops,
          nicolae_shop_back_alley_shop, shop, shop, shop,
          chequers_serial_rivers_small_b
D:2:      layout_loops_ring, wander_ebering_terrifying_dragon_lair
D:3:      layout_loops_ring, dreamdust_ecumenical_altar_grove,
          minmay_misc_feat_rugged

Skill      XL: |  1  2  3 |
---------------+----------+-----
Unarmed Combat | 4 5 |  5.1
Fighting       | |  1.5
Throwing       | |  1.7
Dodging        | |  2.4

Action                     |  1- 3 |  4- 6 || total
---------------------------+-------+-------++-------
  Melee: Unarmed           |   103 |     7 ||   110
         Punch             |     3 |       ||     3
    Use: Potion            |       |     1 ||     1
 Armour: Robe              |    32 |     4 ||    36
  Dodge: Dodged            |    45 |     5 ||    50

Table legend: (Time is in decaauts)
 A = Elapsed time spent in this place.
 B = Non-inter-level travel time spent in this place.
 C = Inter-level travel time spent in this place.
 D = Time resting spent in this place.
 E = Time spent auto-exploring this place.
 F = Levels seen in this place.
 G = Mean time per level.
                   A        B        C        D        E       F      G
               +--------+--------+--------+--------+--------+-----+--------+
         Total |   2011 |   1949 |     62 |    300 |   1334 |   3 |  670.3 |
       Dungeon |   2011 |   1949 |     62 |    300 |   1334 |   3 |  670.3 |
               +--------+--------+--------+--------+--------+-----+--------+

Top non-repeatable levels by time:
     D:2: 937 daAuts
     D:1: 854 daAuts
     D:3: 219 daAuts
